 Dungeon Crawl Stone Soup version 0.29-a0-19-gef7f3e67aa (webtiles) character file.

Game seed: 2854351592564709966

3653 Lekart the Carver (level 9, 0/75 (79) HPs)
             Began as a Black Draconian Chaos Knight on Jan 29, 2022.
             Was a Plaything of Xom.
             Killed from afar by a gargoyle (8 damage)
             ... with a stone arrow
             ... on level 7 of the Dungeon.
             The game lasted 00:15:14 (6077 turns).

Lekart the Carver (Black Draconian Chaos Knight)    Turns: 6077, Time: 00:15:15

HP:   0/75 (79)     AC:  7    Str: 13    XL:     9   Next: 88%
MP:   11/11         EV: 16    Int: 12    God:    Xom [....*.]
Gold: 322           SH:  0    Dex: 15    Spells: 9/11 levels left

rFire   + . .      SeeInvis .   a - +1 falchion (chaos)
rCold   + . .      Faith    .   (no shield)
rNeg    + . .      Spirit   .   (armour unavailable)
rPois   .          Reflect  .   (helmet restricted)
rElec   +          Harm     .   (no cloak)
rCorr   .          Rampage  .   (no gloves)
Will    +....                   (no boots)
Stlth   +.........              e - amulet of regeneration
HPRegen 1.02/turn               j - ring of protection from fire
MPRegen 0.12/turn               o - ring of positive energy

@: drained
A: breathe lightning, AC +7, unfitting armour, electricity resistance,
cold-blooded, stinger 1, cold resistance 1, strong-willed 1, weak 1
a: Breathe Lightning, Renounce Religion


You were on level 7 of the Dungeon.
You worshipped Xom.
You were a beloved toy of Xom.
You visited 2 branches of the dungeon, and saw 8 of its levels.
You also visited: Sewer.

You collected 322 gold pieces.

Inventory:

Hand Weapons
 a - a +1 falchion of chaos (weapon)
Jewellery
 e - an amulet of regeneration (around neck)
 j - a ring of protection from fire (left hand)
 o - a ring of positive energy (right hand)
Scrolls
 c - 11 scrolls of identify
 d - 3 scrolls of fear
 k - 2 scrolls of fog
 p - 2 scrolls of holy word {unknown}
 q - 2 scrolls of vulnerability {unknown}
 r - a scroll of teleportation
 s - a scroll of enchant weapon
 t - a scroll of amnesia
Potions
 b - 3 potions of might
 f - 2 potions of curing
 g - 2 potions of haste
 h - a potion of mutation
 i - 2 potions of lignification
 l - 2 potions of heal wounds
 n - a potion of magic
 u - a potion of invisibility {unknown}
 v - a potion of ambrosia


   Skills:
 + Level 7.4 Fighting
 + Level 9.4 Long Blades
 * Level 8.1 Dodging
 * Level 1.8 Spellcasting
 * Level 2.5 Transmutations
 + Level 0.1 Evocations


You had 9 spell levels left.
You knew the following spells:

 Your Spells              Type           Power      Damage    Failure   Level
a - Wereblood             Tmut           7%         N/A       14%         2

Your spell library contained the following spells:

 Spells                   Type           Power      Damage    Failure   Level
 Beastly Appendage        Tmut           14%        N/A       10%         1
 Sting                    Tmut/Pois      16%        1d3       17%         1
 Animate Skeleton         Necr           2%         N/A       28%         1
 Apportation              Tloc           2%         N/A       28%         1
 Shock                    Conj/Air       4%         1d3       28%         1
 Summon Small Mammal      Summ           4%         N/A       28%         1
 Spider Form              Tmut/Pois      4%         N/A       45%         3


Dungeon Overview and Level Annotations

Branches:
Dungeon (7/15)             Temple (1/1) D:4           Sewer (visited)

Altars:
Ashenzari
Elyvilon
Gozag
Hepliaklqana
Kikubaaqudgha
Makhleb
Nemelex Xobeh
Okawaru
Qazlal
Ru
Sif Muna
Trog
Uskayaw
Vehumet
Wu Jian
Xom
Yredelemnul
Zin


Innate Abilities, Weirdness & Mutations

You can breathe wild blasts of lightning.
Your glossy black scales are hard. (AC +7)
You cannot fit into any form of body armour.
You are resistant to electric shocks. (rElec)
You are cold-blooded and may be slowed by cold attacks.
Your tail ends in a venomous barb.
Your flesh is cold resistant. (rC+)
You are strong-willed. (Will+)
You are weak. (Str -2)


Message History

HP restored.
Things that are here:
a +0 long sword; a +0 robe You see here 15 bolts.
A gargoyle comes into view. It is wielding a +0 mace.
The gargoyle hurls a stone arrow at you.
The stone arrow misses you. The gargoyle closely misses you.
You hit the gargoyle but do no damage.
Your tail-slap misses the gargoyle.
You hit the gargoyle but do no damage.
You tail-slap the gargoyle, but do no damage.
The gargoyle hits you with a +0 mace.
You hit the gargoyle but do no damage. The gargoyle hits you with a +0 mace!
You completely miss the gargoyle.
You tail-slap the gargoyle, but do no damage.
The gargoyle misses you.
You hit the gargoyle.
The gargoyle appears confused.
The gargoyle is lightly damaged.
You hit the gargoyle.
The gargoyle flickers and vanishes!
Deactivating autopickup; reactivate with Ctrl-A.
You hit something but do no damage. Something hits you!
You hit something but do no damage.
Nothing appears to happen.
You hit something but do no damage. You tail-slap something.
You hit something but do no damage.
Nothing appears to happen.
You tail-slap something. You hit something.
Xom thinks this is hilarious!
Nothing appears to happen.
Something barely misses you.
A stone arrow appears from out of thin air!
The stone arrow misses you.
A stone arrow appears from out of thin air!
The stone arrow hits you! Something hits you!!
There is a stone staircase leading up here.
Something hits you!!
* * * LOW HITPOINT WARNING * * *
A stone arrow appears from out of thin air!
The stone arrow hits you!
You die... "Huh?
Did I miss anything?"

#.. .. #..# #.##
#... ..# ... ..#
#.##.# #....#
#..# #.###..#
####### #......#
#..@$.#
#####.#####.){..#
#.......##.....#
#.##.##.##..(..#
# ...##........#
#....##..###.#.#
#....#.......#)#
#........##..#)#
###.##.#.##..#.#


There were no monsters in sight!

Vanquished Creatures
  Prince Ribbit (D:5)
  A spriggan (D:4)
  2 shadows (D:6)
  A naga (D:5)
  A water moccasin (D:6)
  An orc warrior (D:4)
  2 sky beasts
  An ice beast (D:6)
  2 black bears
  A necrophage (D:6)
  3 ogres
  A kobold brigand (D:6)
  2 scorpions (D:6)
  A bullfrog (D:6)
  2 water moccasin skeletons
  4 wights
  A howler monkey (D:6)
  2 centaur zombies (D:5)
  2 bullfrog zombies
  A centaur skeleton (D:4)
  3 hounds
  4 jellies
  A bullfrog skeleton (D:6)
  A gnoll shaman (D:6)
  An orc priest (D:6)
  Jessica (D:3)
  Terence (D:2)
  An iguana (D:5)
  5 orc wizards
  A hound skeleton (D:5)
  A howler monkey zombie (D:5)
  3 gnolls (D:4)
  12 adders
  A river rat (D:3)
  A white imp (D:5)
  2 ufetubi
  4 dart slugs
  A worm (D:3)
  20 orcs
  4 bats
  8 endoplasms
  6 giant cockroaches
  5 goblins
  10 hobgoblins
  3 jackals (D:4)
  18 kobolds
  A quokka (D:1)
  16 ball pythons
  5 frilled lizards
  5 rats
177 creatures vanquished.

Vanquished Creatures (collateral kills)
  An orc warrior (D:4)
  An ogre (D:5)
  A centaur (D:5)
3 creatures vanquished.

Vanquished Creatures (others)
  A scorpion (D:5)
  An orc wizard (D:5)
  A plant (D:6)
3 creatures vanquished.

Grand Total: 183 creatures vanquished

Notes
Turn   | Place    | Note
-------+----------+-------------------------------------------
     0 | D:1      | Lekart the Draconian Chaos Knight began the quest for the
                  | Orb.
     0 | D:1      | Reached XP level 1. HP: 19/19 MP: 1/1
   112 | D:1      | XOM: potion effect (invisibility)
   167 | D:1      | Reached XP level 2. HP: 26/26 MP: 2/2
   493 | D:2      | Found a faded altar of an unknown god.
   571 | D:2      | Reached XP level 3. HP: 13/33 MP: 3/3
   576 | D:2      | XOM: noise
   624 | D:2      | XOM: noise
   887 | D:2      | Reached skill level 4 in Long Blades
   887 | D:2      | Reached XP level 4. HP: 29/40 MP: 4/4
  1045 | D:2      | XOM: 1-stop teleportation journey
  1345 | D:2      | Noticed Terence
  1356 | D:2      | Killed Terence
  1569 | D:2      | Gained mutation: You are frail. (-10% HP) [potion of
                  | mutation]
  1569 | D:2      | Gained mutation: Your mind is acute. (Int +2) [potion of
                  | mutation]
  1868 | D:3      | Noticed Jessica
  1874 | D:3      | Killed Jessica
  1875 | D:3      | Reached XP level 5. HP: 31/41 MP: 5/5
  2070 | D:3      | Found a glowing drain.
  2077 | Sewer    | Entered a sewer
  2436 | D:3      | XOM: smoke on damage
  2436 | D:3      | XOM: torment (22/42 hp)
  2579 | D:3      | Lost mutation: You are frail. (-10% HP) [potion of
                  | mutation]
  2579 | D:3      | Lost mutation: Your mind is acute. (Int +2) [potion of
                  | mutation]
  2579 | D:3      | Gained mutation: You are robust. (+10% HP) [potion of
                  | mutation]
  2579 | D:3      | Gained mutation: You expend magic power (3 MP) to
                  | strengthen your wands. [potion of mutation]
  2579 | D:3      | Gained mutation: You have a beak for a mouth. [potion of
                  | mutation]
  2579 | D:3      | Gained mutation: Your tail ends in a venomous barb. [potion
                  | of mutation]
  2843 | D:4      | Reached skill level 5 in Long Blades
  2885 | D:4      | Noticed an orc warrior
  2886 | D:4      | Found a bloodstained altar of Trog.
  2888 | D:4      | XOM: chaos cloud
  2896 | D:4      | Killed an orc warrior
  2897 | D:4      | Reached XP level 6. HP: 58/58 MP: 6/6
  2922 | D:4      | Found a shimmering blue altar of Sif Muna.
  2926 | D:4      | Got Sif Muna's Papyrus of Virous Flight
  3027 | D:4      | XOM: give mutation
  3027 | D:4      | Lost mutation: You expend magic power (3 MP) to strengthen
                  | your wands. [Xom's mischief]
  3152 | D:4      | Found a stormy altar of Qazlal.
  3152 | D:4      | Noticed a spriggan
  3152 | D:4      | a black bear changed into a spriggan
  3152 | D:4      | XOM: polymorph black bear -> spriggan
  3157 | D:4      | Killed a spriggan
  3158 | D:4      | Reached skill level 5 in Fighting
  3158 | D:4      | Reached skill level 6 in Long Blades
  3158 | D:4      | Your scales start taking on a glossy black colour.
  3158 | D:4      | Reached XP level 7. HP: 65/67 MP: 7/7
  3158 | D:4      | Gained mutation: You are resistant to electric shocks.
                  | (rElec) [Black Draconian growth]
  3167 | D:4      | Found a shimmering altar of Xom.
  3277 | D:4      | XOM: give mutations
  3277 | D:4      | Gained mutation: You sometimes lose the ability to read
                  | scrolls when taking damage. [Xom's mischief]
  3277 | D:4      | Lost mutation: You have a beak for a mouth. [Xom's
                  | mischief]
  3277 | D:4      | Gained mutation: You have very sharp teeth. [Xom's
                  | mischief]
  3277 | D:4      | Lost mutation: You are robust. (+10% HP) [Xom's mischief]
  3311 | D:4      | Found a staircase to the Ecumenical Temple.
  3460 | D:4      | XOM: noise
  3539 | Temple   | Entered the Ecumenical Temple
  3542 | Temple   | XOM: 1-stop teleportation journey
  3639 | D:5      | Entered Level 5 of the Dungeon
  3740 | D:5      | Reached skill level 5 in Dodging
  3788 | D:5      | Noticed Prince Ribbit
  3814 | D:5      | Killed Prince Ribbit
  3825 | D:5      | Reached XP level 8. HP: 22/69 MP: 8/8
  3834 | D:5      | XOM: repel stairs
  3845 | D:5      | Reached skill level 7 in Long Blades
  3904 | D:5      | XOM: stat loss: -1 Int (11/12)
  4293 | D:4      | Reached skill level 8 in Long Blades
  4319 | D:4      | Lost mutation: Your tail ends in a venomous barb. [potion
                  | of mutation]
  4319 | D:4      | Lost mutation: You sometimes lose the ability to read
                  | scrolls when taking damage. [potion of mutation]
  4319 | D:4      | Lost mutation: You have very sharp teeth. [potion of
                  | mutation]
  4319 | D:4      | Gained mutation: You are strong-willed. (Will+) [potion of
                  | mutation]
  4319 | D:4      | Gained mutation: Your flesh is cold resistant. (rC+)
                  | [potion of mutation]
  4319 | D:4      | Gained mutation: Your tail ends in a venomous barb. [potion
                  | of mutation]
  4408 | D:5      | XOM: swap monsters
  4573 | D:5      | XOM: noise
  4619 | D:5      | Reached XP level 9. HP: 78/78 MP: 9/9
  4686 | D:5      | XOM: polymorph centaur -> naga
  4832 | D:5      | XOM: give mutations
  4832 | D:5      | Gained mutation: You are weak. (Str -2) [Xom's mischief]
  4832 | D:5      | Gained mutation: You are very weak. (Str -4) [Xom's
                  | mischief]
  4917 | D:6      | XOM: swap monsters
  4926 | D:6      | XOM: give mutation
  4926 | D:6      | Lost mutation: You are very weak. (Str -4) [Xom's mischief]
  5028 | D:6      | Learned a level 2 spell: Wereblood
  5237 | D:6      | XOM: fog
  5248 | D:6      | Reached skill level 1 in Transmutations
  5250 | D:6      | Found a white marble altar of Elyvilon.
  5288 | D:6      | Reached skill level 1 in Spellcasting
  5294 | D:6      | Reached skill level 9 in Long Blades
  5332 | D:6      | XOM: potion effect (curing)
  5452 | D:6      | XOM: enchant monster (bad)
  6049 | D:7      | Noticed a gargoyle
  6077 | D:7      | Killed from afar by a gargoyle

Illustrated notes

Levels and vault maps discovered:
D:1:      lemuel_arrival_muddy, layout_rooms
D:2:      minmay_skewed_foursquare, layout_basic, basic_ecumenical_altar,
          hangedman_decor_riveting, corexii_item_surrounded_by_moat,
          uniq_terence
D:3:      layout_basic, portal_sewer_entry_e, st_stairs_9, minmay_starry_boxes,
          uniq_jessica
D:4:      layout_rooms, nzn_overflow_gifts_of_might_and_magic,
          amethyst_overflow_temple_binary, minmay_temple_entry_poolview
D:5:      cheibrodos_barr_body, layout_loops_ring, uniq_prince_ribbit1
D:6:      layout_rooms, elyvilon_altar_1, minmay_manual_mess
D:7:      layout_loops_cross, mainiacjoe_overflow_tiny_flanked,
          mainiacjoe_overflow_boulevard, kennysheep_small_spiral,
          chequers_serial_rivers_room_b
Temple:   dshaligram_water_room_temple

Skill      XL: |  1  2  3  4  5  6  7  8  9 |
---------------+----------------------------+-----
Long Blades    | 4 5 6 8 9 |  9.4
Fighting       | 4 5 6 7 |  7.4
Dodging        | 3 4 5 6 8 |  8.1
Transmutations | 2 |  2.5
Spellcasting   | 1 |  1.8
Evocations     | |  0.1

Action                   |  1- 3 |  4- 6 |  7- 9 || total
-------------------------+-------+-------+-------++-------
Melee: Falchion          |    76 |   232 |   388 ||   696
       Tailslap          |     9 |    40 |    53 ||   102
       Punch             |       |     4 |     4 ||     8
       Peck              |       |    10 |       ||    10
       Bite              |       |       |    18 ||    18
 Abil: Breathe Lightning |       |       |     4 ||     4
Evoke: Wand              |       |       |     4 ||     4
  Use: Scroll            |     3 |     4 |       ||     7
       Potion            |     2 |    10 |     1 ||    13
 Stab: Invisible         |     4 |       |       ||     4
       Paralysed         |     3 |     2 |     5 ||    10
       Sleeping          |       |     1 |       ||     1
       Petrified         |       |       |     2 ||     2
       Distracted        |       |       |     1 ||     1
       Petrifying        |       |       |     1 ||     1
Armor: Skin              |    22 |    77 |   106 ||   205
Dodge: Dodged            |    55 |   159 |   267 ||   481

Table legend: (Time is in decaauts)
 A = Elapsed time spent in this place.
 B = Non-inter-level travel time spent in this place.
 C = Inter-level travel time spent in this place.
 D = Time resting spent in this place.
 E = Time spent auto-exploring this place.
 F = Levels seen in this place.
 G = Mean time per level.
                   A        B        C        D        E       F      G
               +--------+--------+--------+--------+--------+-----+--------+
         Total |   6086 |   5722 |    364 |    553 |   3609 |   9 |  676.2 |
       Dungeon |   5705 |   5363 |    342 |    553 |   3392 |   7 |  815.0 |
        Temple |     87 |     66 |     21 |      0 |     56 |   1 |   87.0 |
         Sewer |    292 |    292 |      0 |      0 |    161 |   1 |  292.0 |
               +--------+--------+--------+--------+--------+-----+--------+

Top non-repeatable levels by time:
     D:2: 1139 daAuts
     D:5: 1102 daAuts
     D:4: 977 daAuts
     D:3: 958 daAuts
     D:6: 909 daAuts
     D:1: 484 daAuts
   Sewer: 292 daAuts
     D:7: 133 daAuts
  Temple: 87 daAuts
